 Dungeon Crawl Stone Soup version 0.26.1 (webtiles) character file.

Game seed: 1260360871810297229

26 Descartes the Sneak (level 2, -3/14 HPs)
             Began as a Felid Delver on Feb 5, 2021.
             Slain by Sigmund
             ... wielding a +0 scythe
              (6 damage)
             ... on level 5 of the Dungeon.
             The game lasted 00:01:01 (240 turns).

Descartes the Sneak (Felid Delver)                   Turns: 240, Time: 00:01:02

Health: -3/14      AC:  1    Str:  8    XL:     2   Next: 89%
Magic:  3/3        EV: 18    Int: 11    God:
Gold:   47         SH:  0    Dex: 17    Spells: 1/1 levels left
                                        Lives:  0   Deaths: 0

rFire    . . .     SeeInvis +     - Unarmed
rCold    . . .     Faith    .   (shield unavailable)
rNeg     . . .     Spirit   .   (armour unavailable)
rPois    .         Reflect  .   (helmet unavailable)
rElec    .         Harm     .   (cloak unavailable)
rCorr    .         Rampage  .   (gloves unavailable)
Will     .....                  (boots unavailable)
Stlth    ++........             (no amulet)
HPRegen  0.04/turn              (no ring)
MPRegen  0.08/turn              (no ring)

@: confused, quick
A: very small, no armour, no weapons or thrown items, stealth, claws 1, fangs 3,
see invisible, speed 1, shaggy fur 1, sharp paws
a: no special abilities


You were on level 5 of the Dungeon.
You visited 1 branch of the dungeon, and saw 1 of its levels.

You collected 47 gold pieces.

Inventory:

Wands
 e - a wand of digging (3)
Scrolls
 a - a scroll of fog
 b - a scroll of magic mapping
 c - a scroll of fear
 g - a scroll of teleportation {unknown}
 h - a scroll of vulnerability {unknown}
Potions
 d - a potion of haste
 f - a potion of cancellation


   Skills:
 - Level 3.0 Fighting
 - Level 2.6 Dodging
 + Level 7.8 Stealth
 - Level 2.0 Unarmed Combat


You had one spell level left.
You didn't know any spells.
Your spell library was empty.

Dungeon Overview and Level Annotations

Branches:
Dungeon (5/15)             Temple (0/1) D:5

Altars:
Cheibriados

Annotations:
D:5 Sigmund


Innate Abilities, Weirdness & Mutations

You cannot wear armour.
You are incapable of wielding weapons or throwing items.
Your paws allow you to move quietly. (Stealth)
You have sharp claws.
You have razor-sharp teeth.
You have supernaturally acute eyesight. (SInv)
You cover ground quickly.
You are covered in fur. (AC +1)
Your sharp claws are effective at attacking unaware monsters.


Message History

Sigmund is moderately wounded.
Sigmund gestures at you while chanting.
You are confused.
You are too confused!
You are too confused!
You are too confused!
You are too confused!
You scratch Sigmund.
Sigmund is heavily wounded.
Sigmund barely misses you.
You scratch Sigmund. Your bite misses Sigmund.
Sigmund is heavily wounded.
Sigmund closely misses you.
Found 13 gold pieces.
You bump into the rock wall.
Sigmund points at you and mumbles some strange words.
The puff of flame hits you.
* * * LOW HITPOINT WARNING * * *
Sigmund hits you with a +0 scythe.
You die...

...# ...# . ...##. . ..
#. $. ..... . #. #. .#
...##.# #.(#. .#
....#.#.###..#.#.
...)........$.... ....#
# #.....### # #..##
.###.....@@# #.# #..#
........#...#...#
#).##........###......#
............#$...###...#
##.###.####.#..### #..
#.# #.# #.#.##♣ #. #.#
#.# #...# #.# #.# #..##
#.# #.# #..#


You could see Sigmund (invisible).

Vanquished Creatures
  An iguana (D:5)
  A giant cockroach (D:5)
2 creatures vanquished.

Notes
Turn   | Place    | Note
-------+----------+-------------------------------------------
     0 | D:5      | Descartes the Felid Delver began the quest for the Orb.
     0 | D:5      | Reached XP level 1. HP: 10/10 MP: 2/2
   116 | D:5      | Found a snail-covered altar of Cheibriados.
   116 | D:5      | Noticed a torpor snail
   116 | D:5      | Noticed a torpor snail
   117 | D:5      | Noticed a torpor snail
   141 | D:5      | Noticed an iguana
   146 | D:5      | Killed an iguana
   147 | D:5      | Reached skill level 7 in Stealth
   147 | D:5      | Reached XP level 2. HP: 14/14 MP: 3/3
   154 | D:5      | Found a staircase to the Ecumenical Temple.
   225 | D:5      | Noticed Sigmund
   240 | D:5      | Slain by Sigmund

Illustrated notes

Levels and vault maps discovered:
D:5:      cheibrodos_iron_armory, layout_loops_ring, cheibriados_altar_2,
          minmay_temple_entry_drinking_statues, ebering_ghost_rock_garden,
          uniq_crazy_yiuf_cottage, uniq_sigmund

Skill      XL: |  1 |
---------------+----+-----
Stealth        | 7 |  7.8
Fighting       | |  3.0
Dodging        | |  2.6
Unarmed Combat | |  2.0

Action                   || total
-------------------------++-------
Melee: Unarmed           ||    10
       Bite              ||     2
  Use: Potion            ||     2
 Stab: Sleeping          ||     1
Dodge: Dodged            ||     8
